 Dungeon Crawl Stone Soup version 0.30-a0-311-gf115ab0292 (webtiles) character file.

Game seed: 7377387938213903494

132729 Pooter the Warrior (level 16, 0/238 HPs)
             Began as a Minotaur Berserker on Oct 24, 2022.
             Was an Elder of Trog.
             Slain by a jumping spider (6 damage)
             ... on level 3 of the Spider Nest on Oct 26, 2022.
             The game lasted 02:51:41 (41737 turns).

Pooter the Warrior (Minotaur Berserker)            Turns: 41737, Time: 02:51:42

Health: 0/238      AC: 22    Str: 29      XL:     16   Next: 58%
Magic:  1/15       EV:  8    Int:  3 (4)  God:    Trog [****..]
Gold:   2358       SH:  0    Dex: 11      Spells: 15/15 levels left

rFire   + . .      SeeInvis +    a - +3 battleaxe (freeze)
rCold   + . .      Faith    .    (shield currently unavailable)
rNeg    . . .      Spirit   .    K - +7 plate armour
rPois   +          Reflect  .    (helmet restricted)
rElec   .          Harm     .    n - scarf {rC+ rF+}
rCorr   .          Rampage  .    (no gloves)
Will    +....                    T - +0 pair of boots
Stlth   ..........               k - amulet of regeneration
HPRegen 1.39/turn                S - ring of see invisible
MPRegen 0.14/turn                P - ring of poison resistance

@: mighty, berserking, very quick
A: horns 2, retaliatory headbutt
a: Renounce Religion, Berserk, Trog's Hand, Brothers in Arms


You were on level 3 of the Spider Nest.
You worshipped Trog.
Trog was greatly pleased with you.
You visited 4 branches of the dungeon, and saw 25 of its levels.
You also visited: Sewer and Gauntlet.

You collected 2660 gold pieces.
You spent 302 gold pieces at shops.

Inventory:

Hand Weapons
 a - a +3 battleaxe of freezing (weapon)
   (You took it off Rupert on level 1 of the Orcish Mines)
 b - a +2 arbalest of flaming
   (You took it off an orc warrior on level 1 of the Orcish Mines)
 L - a +5 war axe of protection
   (You took it off a wight on level 7 of the Dungeon)
 X - a +1 great mace of holy wrath
   (You took it off an orc warlord on level 11 of the Dungeon)
 Y - a +5 dire flail
   (You took it off a wight on level 7 of the Dungeon)
Missiles
 d - 67 poisoned darts
 h - 4 curare-tipped darts
 p - 11 boomerangs (quivered)
 r - 9 javelins
 H - 3 boomerangs of dispersal {!f}
 R - 3 datura-tipped darts
 Z - a throwing net {!f}
Armour
 n - a scarf of resistance (worn)
   (You found it on level 12 of the Dungeon)
 s - the +1 ring mail of Fresh Intercession {rElec rF+ Int+7}
   (You found it in a sewer)

   Int:       It affects your intelligence (+7).
   rF:        It protects you from fire.
   rElec:     It insulates you from electricity.
 K - a +7 plate armour (worn)
   (You took it off an orc warrior on level 7 of the Dungeon)
 T - a +0 pair of boots (worn)
   (You found it on level 8 of the Dungeon)
Jewellery
 k - an amulet of regeneration (around neck)
   (You found it on level 14 of the Dungeon)
 A - the ring of Kyfie {rF+ EV+4}
   (You found it on level 5 of the Dungeon)

   [ring of evasion]

   EV:        It affects your evasion (+4).
   rF:        It protects you from fire.
 C - a ring of resist corrosion
   (You found it on level 5 of the Dungeon)
 I - a ring of protection from cold
   (You found it on level 8 of the Dungeon)
 N - a ring of positive energy
   (You found it on level 11 of the Dungeon)
 P - a ring of poison resistance (right hand)
   (You found it on level 4 of the Dungeon)
 S - a ring of see invisible (left hand)
   (You took it off an ogre mage on level 8 of the Dungeon)
 V - a ring of willpower
   (You found it in a Gauntlet)
Wands
 f - a wand of flame (41)
   (You found it on level 5 of the Lair of Beasts)
 j - a wand of mindburst (8)
   (You found it on level 6 of the Dungeon)
 u - a wand of paralysis (2)
   (You took it off Erolcha on level 13 of the Dungeon)
 v - a wand of digging (10)
   (You found it on level 2 of the Lair of Beasts)
 Q - a wand of quicksilver (1)
   (You found it on level 1 of the Spider Nest)
 U - a wand of roots (3)
   (You found it on level 13 of the Dungeon)
Scrolls
 g - 6 scrolls of immolation {!r}
 i - 9 scrolls of identify {@r1}
 t - 8 scrolls of teleportation {@r4}
 w - 2 scrolls of magic mapping
 x - 2 scrolls of blinking
 y - 5 scrolls of vulnerability {!r}
 D - 8 scrolls of fog
 F - 3 scrolls of noise {!r}
 G - 8 scrolls of poison {!r}
 J - 8 scrolls of fear
Potions
 c - a potion of resistance
 e - 2 potions of heal wounds {@q2}
 l - 4 potions of cancellation
 m - 14 potions of curing {@q1}
 o - 7 potions of haste {@q3}
 z - 5 potions of might
 B - 4 potions of flight
 E - 2 potions of mutation {!q}
 M - 3 potions of lignification {!q}
 W - 6 potions of ambrosia
Miscellaneous
 q - a box of beasts
   (You found it in a Gauntlet)
 O - a phantom mirror
   (You found it on level 8 of the Dungeon)


   Skills:
 + Level 18.8 Fighting
 - Level 17.8(20.0) Axes
 - Level 15.1(18.6) Maces & Flails
 * Level 15.1 Ranged Weapons
 + Level 8.6 Armour
 - Level 2.1 Dodging
 - Level 8.1 Evocations


You had 15 spell levels left.
You didn't know any spells.
Your spell library was empty.

Dungeon Overview and Level Annotations

Branches:
Dungeon (15/15)            Temple (0/1) D:7            Lair (5/5) D:10
  Swamp (0/4) Lair:3       Spider (3/4) Lair:3        Slime (0/5) Lair:4
    Orc (2/2) D:11            Elf (0/3) Orc:2        Vaults (0/5) D:14
 Depths (0/4) D:15          Sewer (visited)         Gauntlet (visited)

Altars:
Cheibriados
Elyvilon
Gozag
Makhleb
Ru
Wu Jian
Xom
Jiyva

Shops:
D:6 ?   D:9 ?(*   D:13 :   Orc:2 (:*[


Innate Abilities, Weirdness & Mutations

You have a pair of horns on your head.
You reflexively headbutt those who attack you in melee.


Message History

You closely miss the sun moth. You barely miss the culicivora.
You are covered in liquid flames!
* * * LOW HITPOINT WARNING * * *
The culicivora bites you but does no damage.
You barely miss the sun moth. You hit the culicivora.
You freeze the culicivora.
You are covered in liquid flames!
* * * LOW HITPOINT WARNING * * *
The orb spider pulsates with a strange energy.
The sun moth closely misses you. The culicivora completely misses you.
The jumping spider leaps!
You slash the sun moth! You freeze the sun moth.
Your headbutt misses the sun moth. You slice the culicivora!!
You freeze the culicivora!
You are covered in liquid flames!
* * * LOW HITPOINT WARNING * * *
You miss the sun moth. You barely miss the culicivora.
You are covered in liquid flames!
* * * LOW HITPOINT WARNING * * *
The culicivora bites you.
* * * LOW HITPOINT WARNING * * *
The culicivora draws strength from your injuries!
The sun moth throws sticky fire at you. The sticky flame misses you.
You closely miss the sun moth. You slice the culicivora!!
You freeze the culicivora.
You kill the culicivora!
Trog accepts your kill.
You are covered in liquid flames!
The jumping spider leaps!
Unknown command.
You hit the sun moth. You freeze the sun moth.
You are covered in liquid flames!
* * * LOW HITPOINT WARNING * * *
The sun moth bites you!
* * * LOW HITPOINT WARNING * * *
You hit the sun moth. You freeze the sun moth.
You are covered in liquid flames!
* * * LOW HITPOINT WARNING * * *
You slice the sun moth!! You freeze the sun moth.
You kill the sun moth!
Trog accepts your kill.
The jumping spider leaps!
You feel your dexterity returning.
Unknown command.
The jumping spider pounces on you but does no damage.
The jumping spider closely misses you.
You feel a strong urge to attack something.
The jumping spider pounces on you.
You die...

,,,,,,***.#######.##**.# **.,*,*
,,,,,,***......!...#*,## ***,,*
,,,,,***,...####...#**,* **,**
,,,,***,,,,** ##...##**** *,,*
,,*,,,,,,,,####.....#*,,** **,,
,***,,,,,,,....#.†..#*,,,*** *,,,
,,,,*,*,,,,#^##.....#,,.#.,****,,
,,,,*,*,,,,#,##...††#.....,,***,*
,,,,*,*,,,**,#s.@.......°.,,,,,**
,,,,,**,,,**,#..s.........,,,,,,*
,,,,,,,,,,,,,#.......##...,,,,,,,
,,,,,,**,**#.....##.##*,..,,,,,**
,,,,,***,* ##..###,.#**,,.,,,,,,*
,,,,,* *** #..,,,,#.*,,,,,,,,,,,
,,,,,* #..,,,,*..,*,,,,,,,,,
,,,,^* #..**,,,.##*,,,,,,,,*
,,,,,********,***,,*** *,,,,,,,,*


You could see an orb spider (charged) and a jumping spider.

Vanquished Creatures
  Rupert (Orc:1)
  Jorgrun (Orc:2)
  Kirke (D:14)
  Roxanne (D:15)
  Donald (Orc:2)
  4 ghost moths
  4 orc warlords
  A stone giant (D:15)
  2 broodmothers
  A minotaur (Gauntlet)
  5 spark wasps
  4 entropy weavers
  Erolcha (D:13)
  Erica (D:8)
  A rakshasa (D:13)
  2 ogre magi
  2 jorogumos
  3 centaur warriors
  6 hydras
  3 tengu warriors
  3 two-headed ogres
  2 boulder beetles
  An orc high priest (Orc:2)
  Urug (Lair:3)
  Sonja (D:11)
  A fire crab (shapeshifter) (D:14)
  3 skeletal warriors (D:15)
  4 pharaoh ants
  2 goliath frogs (Lair:5)
  A sun moth (Spider:3)
  4 orb spiders
  A bog body (Lair:3)
  2 necromancers (Gauntlet)
  5 steelbarb worms
  The ghost of Darkkill the Shooter, a novice MiHu (D:8)
  5 orc knights
  A deep elf pyromancer (D:14)
  4 oklob plants (Lair:2)
  16 wolf spiders
  5 orc sorcerers
  4 cyclopes
  A manticore (D:15)
  6 slime creatures
  The ghost of ChongLi the Cudgeller, a novice OgRe of Qazlal (D:8)
  A moth of wrath (Spider:1)
  3 black mambas
  An eye of devastation (Gauntlet)
  Maurice (Orc:1)
  4 torpor snails
  4 elephants (Lair:1)
  2 gargoyles
  22 cane toads
  6 kobold demonologists
  7 demonic crawlers
  Psyche (D:10)
  An unseen horror (D:11)
  A cane toad (shapeshifter) (D:14)
  5 komodo dragons
  2 tengu conjurers (D:13)
  A polar bear (Lair:4)
  A hornet (shapeshifter) (D:15)
  A meliai (shapeshifter) (D:13)
  A queen bee (D:15)
  8 trolls
  10 meliai
  3 tyrant leeches (Lair:5)
  20 tarantellas
  28 blink frogs
  6 dream sheep (Lair:4)
  13 jumping spiders
  A shadow (D:11)
  14 culicivoras
  A vampire (D:11)
  5 wyverns
  A golden eye (shapeshifter) (D:14)
  A hog (shapeshifter) (D:14)
  8 wraiths
  52 yaks
  6 basilisks
  A steam dragon (Lair:3)
  Grum (D:11)
  A golden eye (Gauntlet)
  2 hogs (D:14)
  19 redbacks
  21 vampire mosquitoes
  3 wargs
  3 acid dragons
  16 water moccasins
  A floating eye (Gauntlet)
  A sky beast (D:7)
  An ice beast (D:8)
  39 orc warriors
  3 black bears
  8 ogres
  17 wolves
  4 centaurs
  5 kobold brigands
  Blork the orc (D:5)
  21 bullfrogs
  A necrophage (D:8)
  6 scorpions
  8 wights
  17 killer bees
  10 electric eels
  10 howler monkeys
  2 hounds
  2 jellies
  22 orc priests
  2 iguanas
  19 orc wizards
  11 hell rats
  3 gnolls (D:5)
  6 adders
  A shadow imp (D:6)
  A white imp (D:8)
  An ufetubus (D:5)
  2 worms (D:2)
  2 dart slugs (D:3)
  58 orcs
  6 ball pythons
  5 endoplasms
  4 giant cockroaches
  6 goblins
  2 hobgoblins
  12 jackals
  27 kobolds
  5 quokkas
  7 bats
  A frilled lizard (D:3)
  6 rats
795 creatures vanquished.

Vanquished Creatures (collateral kills)
  An orc (Orc:1)
1 creature vanquished.

Vanquished Creatures (others)
  A hog (D:14)
  An orc wizard (D:8)
  A shadow imp (D:8)
  2 orcs
  30 fungi
  134 plants
169 creatures vanquished.

Grand Total: 965 creatures vanquished

Notes
Turn   | Place    | Note
-------+----------+-------------------------------------------
     0 | D:1      | Pooter the Minotaur Berserker began the quest for the Orb.
     0 | D:1      | Reached XP level 1. HP: 19/19 MP: 0/0
    74 | D:1      | Reached skill level 4 in Fighting
   210 | D:1      | Reached XP level 2. HP: 27/27 MP: 1/1
   283 | D:1      | Found a faded altar of an unknown god.
   891 | D:2      | Reached XP level 3. HP: 34/34 MP: 2/2
  1017 | D:2      | Reached ** piety under Trog
  1202 | D:2      | Reached skill level 5 in Fighting
  1488 | D:3      | Reached skill level 1 in Ranged Weapons
  1542 | D:3      | Reached XP level 4. HP: 42/42 MP: 3/3
  2186 | D:4      | Found a sacrificial altar of Ru.
  2337 | D:4      | Reached XP level 5. HP: 44/50 MP: 4/4
  2432 | D:4      | Found a snail-covered altar of Cheibriados.
  2552 | D:4      | Noticed an ogre
  2556 | D:4      | Killed an ogre
  2557 | D:4      | Reached skill level 6 in Fighting
  2557 | D:4      | Reached skill level 5 in Axes
  2625 | D:4      | Found a glowing drain.
  2633 | Sewer    | Entered a sewer
  2678 | Sewer    | Reached XP level 6. HP: 58/58 MP: 5/5
  2711 | Sewer    | Noticed a water moccasin
  2719 | Sewer    | Killed a water moccasin
  2784 | Sewer    | Identified the +1 ring mail of Fresh Intercession {rElec
                  | rF+ Int+7}
  2895 | D:4      | Reached skill level 7 in Fighting
  3024 | D:4      | Reached XP level 7. HP: 66/66 MP: 6/6
  3609 | D:5      | Entered Level 5 of the Dungeon
  3816 | D:5      | Reached skill level 8 in Fighting
  3856 | D:5      | Noticed Blork the orc
  3866 | D:5      | Killed Blork the orc
  4011 | D:5      | Identified the ring of Kyfie {rF+ EV+4}
  4708 | D:6      | Found an ornate altar of the Wu Jian Council.
  5129 | D:6      | Reached skill level 1 in Maces & Flails
  5129 | D:6      | Reached XP level 8. HP: 61/77 MP: 7/7
  5452 | D:6      | Found Wafann's Magic Scroll Emporium.
  5455 | D:6      | Bought a scroll of noise for 10 gold pieces
  5455 | D:6      | Bought 3 scrolls of identify for 60 gold pieces
  5455 | D:6      | Bought a scroll of enchant weapon for 75 gold pieces
  5455 | D:6      | Bought a scroll of poison for 40 gold pieces
  5455 | D:6      | Bought a scroll of blinking for 75 gold pieces
  5455 | D:6      | Bought a scroll of identify for 20 gold pieces
  5764 | D:7      | Reached skill level 9 in Fighting
  5764 | D:7      | Reached skill level 1 in Evocations
  5822 | D:7      | Noticed a kobold demonologist
  5824 | D:7      | Noticed a kobold demonologist
  5836 | D:7      | Killed a kobold demonologist
  5836 | D:7      | Noticed a smoke demon
  5837 | D:7      | Reached skill level 5 in Ranged Weapons
  6093 | D:7      | Killed a kobold demonologist
  6096 | D:7      | Reached skill level 10 in Fighting
  6367 | D:7      | Reached XP level 9. HP: 85/85 MP: 8/8
  6373 | D:7      | Reached skill level 5 in Maces & Flails
  6727 | D:7      | Reached *** piety under Trog
  6935 | D:7      | Found an opulent altar of Gozag.
  6999 | D:7      | Found a staircase to the Ecumenical Temple.
  7431 | D:8      | Reached skill level 11 in Fighting
  7582 | D:8      | Noticed Erica
  7609 | D:8      | Killed Erica
  7610 | D:8      | Reached XP level 10. HP: 26/96 MP: 9/9
  7770 | D:8      | Noticed a tengu warrior
  7803 | D:8      | Killed a tengu warrior
  8143 | D:8      | Noticed an ogre mage
  8163 | D:8      | Killed an ogre mage
  8164 | D:8      | Reached skill level 12 in Fighting
  8715 | D:8      | Found a runed translucent gate.
  8715 | D:8      | Found a runed translucent gate.
  8715 | D:8      | Found a runed translucent gate.
  8719 | D:8      | Noticed Darkkill's ghost (novice MiHu)
  8719 | D:8      | Noticed ChongLi's ghost (novice OgRe)
  8784 | D:8      | Killed Darkkill's ghost
  8786 | D:8      | Killed ChongLi's ghost
  9015 | D:9      | Found Zeynudet's Antique Weapon Shoppe.
  9030 | D:9      | Found Gautsigg's Magic Scroll Shop.
  9037 | D:9      | Bought a scroll of identify for 22 gold pieces
  9117 | D:9      | Reached XP level 11. HP: 103/105 MP: 10/10
  9161 | D:9      | Found a shimmering altar of Xom.
  9164 | D:9      | Found a shimmering altar of Xom.
  9165 | D:9      | Found a shimmering altar of Xom.
  9180 | D:9      | Noticed a two-headed ogre
  9191 | D:9      | Killed a two-headed ogre
  9414 | D:9      | Found Utoo's Assorted Antiques.
  9451 | D:9      | Found a white marble altar of Elyvilon.
  9454 | D:9      | Found a burning altar of Makhleb.
  9482 | D:9      | Reached skill level 5 in Evocations
  9769 | D:10     | Entered Level 10 of the Dungeon
  9782 | D:10     | Reached skill level 13 in Fighting
  9782 | D:10     | Reached skill level 10 in Axes
  9846 | D:10     | Identified the +0 leather armour "Poynloc" {rPois rF+
                  | Str+3}
 10065 | D:10     | Reached skill level 10 in Maces & Flails
 10348 | D:10     | Noticed Psyche
 10354 | D:10     | Killed Psyche
 10451 | D:10     | Found a staircase to the Lair.
 10603 | D:10     | Identified the +7 trident of Zutisox {vorpal, +Blink rF-
                  | rC+ Int+5}
 10657 | Lair:1   | Entered Level 1 of the Lair of Beasts
 11663 | Lair:1   | Reached XP level 12. HP: 51/116 MP: 11/11
 12297 | Lair:1   | Noticed a five-headed hydra
 12301 | Lair:1   | Killed a five-headed hydra
 12302 | Lair:1   | Reached skill level 14 in Fighting
 12934 | Lair:2   | Noticed a boulder beetle
 12953 | Lair:2   | Killed a boulder beetle
 14167 | Lair:3   | Noticed Urug
 14185 | Lair:3   | Killed Urug
 14828 | Lair:3   | Found a hole to the Spider Nest.
 15106 | Lair:3   | Reached skill level 15 in Fighting
 15462 | Lair:3   | Found a staircase to the Swamp.
 15512 | Lair:3   | Reached XP level 13. HP: 114/126 MP: 12/12
 16102 | Lair:4   | Found a viscous altar of Jiyva.
 16103 | Lair:4   | Found a staircase to the Slime Pits.
 16712 | Lair:4   | Reached **** piety under Trog
 17070 | Lair:5   | Entered Level 5 of the Lair of Beasts
 17070 | Lair:5   | Found an opulent altar of Gozag.
 17532 | Lair:4   | Reached skill level 10 in Ranged Weapons
 18078 | Lair:5   | Reached skill level 16 in Fighting
 23866 | Lair:1   | Reached XP level 14. HP: 134/137 MP: 13/13
 23920 | D:11     | Found a staircase to the Orcish Mines.
 24163 | D:11     | Found a gate leading to a gauntlet.
 24190 | Gauntlet | Entered a Gauntlet
 24190 | Gauntlet | Found a transporter.
 24190 | Gauntlet | Found a transporter.
 24204 | Gauntlet | Found a transporter.
 24207 | Gauntlet | Found a transporter.
 24240 | Gauntlet | Found a transporter.
 24244 | Gauntlet | Found a transporter.
 24283 | Gauntlet | Found a transporter.
 24292 | Gauntlet | Found a transporter.
 24324 | Gauntlet | Found a transporter.
 24367 | Gauntlet | Found the +4 moon troll leather armour {Spirit, Regen++
                  | MP+5}
 24507 | D:11     | Noticed Sonja
 24509 | D:11     | Killed Sonja
 24641 | D:11     | Noticed Grum
 24657 | D:11     | Killed Grum
 24855 | D:11     | Identified the +0 robe of Pudaasewk {Harm Regen+}
 25117 | Orc:1    | Entered Level 1 of the Orcish Mines
 25117 | Orc:1    | Noticed an orc warlord
 25132 | D:11     | Killed an orc warlord
 25254 | Orc:1    | Noticed an orc warlord
 25753 | D:10     | Killed an orc warlord
 26162 | Orc:1    | Noticed Maurice
 26169 | Orc:1    | Killed Maurice
 26679 | Orc:2    | Entered Level 2 of the Orcish Mines
 26966 | Orc:2    | Noticed Jorgrun
 26977 | Orc:2    | Killed Jorgrun
 26978 | Orc:2    | Reached skill level 17 in Fighting
 26978 | Orc:2    | Reached skill level 15 in Axes
 27157 | Orc:2    | Noticed an orc warlord
 27201 | Orc:1    | Killed an orc warlord
 27202 | Orc:1    | Reached skill level 15 in Maces & Flails
 27436 | Orc:2    | Noticed Rupert
 27795 | Orc:2    | Paralysed by Rupert for 5 turns
 27809 | Orc:1    | Killed Rupert
 27934 | Orc:2    | Found a staircase to the Elven Halls.
 28859 | Orc:2    | Noticed Donald
 28873 | Orc:2    | Killed Donald
 29001 | Orc:2    | Found Vysit's Book Shop.
 29042 | Orc:2    | Found Abroph's Antique Armour Shop.
 29199 | Orc:2    | Noticed an orc warlord
 29220 | Orc:2    | Killed an orc warlord
 29390 | Orc:2    | Found Wewom's General Store.
 29405 | Orc:2    | Found Moez's Antique Weapon Shop.
 30775 | D:13     | Upgraded the game from 0.30-a0-310-g7d6cbdfea6 to
                  | 0.30-a0-311-gf115ab0292
 30784 | D:13     | Reached XP level 15. HP: 124/147 MP: 14/14
 30850 | D:13     | Noticed Erolcha
 30864 | D:13     | Killed Erolcha
 31599 | D:13     | Found Mooggenaq's Book Boutique.
 32524 | D:14     | Noticed Kirke
 32533 | D:14     | Killed Kirke
 32789 | D:14     | Found a gate to the Vaults.
 33064 | D:14     | Reached skill level 5 in Armour
 33326 | D:15     | Entered Level 15 of the Dungeon
 33548 | D:15     | Identified Roxanne's Cyclopedia of the Circus Animal
 33548 | D:15     | Noticed Roxanne
 33590 | D:15     | Reached ***** piety under Trog
 33595 | D:15     | Killed Roxanne
 34025 | D:15     | Found a staircase to the Depths.
 34356 | D:15     | Paralysed by a hornet for 1 turns
 34864 | Spider:1 | Entered Level 1 of the Spider Nest
 35154 | Lair:3   | Reached skill level 18 in Fighting
 35218 | Spider:1 | Received a gift from Trog
 37665 | Spider:1 | Reached XP level 16. HP: 157/157 MP: 15/15
 39461 | Spider:2 | You fall into a shaft and drop 1 floor!
 41705 | Spider:3 | Reached skill level 15 in Ranged Weapons
 41731 | Spider:3 | HP: 11/238 [culicivora (5)]
 41733 | Spider:3 | HP: 4/238 [sun moth (8)]
 41737 | Spider:3 | Slain by a jumping spider

Illustrated notes

Levels and vault maps discovered:
D:1:      kennysheep_arrival_forest, layout_loops_ring, basic_ecumenical_altar,
          hangedman_abyss_or_decor_lesser_grid, minmay_misc_feat_room
D:2:      layout_rooms
D:3:      layout_basic
D:4:      layout_layer_cave, mainiacjoe_overflow_paths,
          mainiacjoe_overflow_brackets, gup_sewer_entry_bubbles
D:5:      layout_basic, serial_glass, glass_columns_a, glass_columns_b,
          glass_columns_b, glass_columns_b, glass_columns_b, glass_columns_a,
          glass_columns_c, glass_columns_a, feat_on_display, item_on_display_a,
          uniq_blork_the_orc
D:6:      layout_layer_cave, nicolae_wu_jian_wuxing_cycle, serial_shops,
          nicolae_shop_behind_doors
D:7:      layout_loops_ring, grunt_gozag_breadcrumbs, temple_green,
          serial_bayou_lagoon_b
D:8:      nzn_winding_woodlands_small [nzn_winding_woodlands_5x15_lazy_stream,
          nzn_winding_woodlands_center_triple_pond,
          nzn_winding_woodlands_5x15_pathside_ponds], layout_basic,
          gammafunk_ghost_cemetery, uniq_erica
D:9:      layout_basic, chequers_temple_overflow_statue_of_worship,
          xom_shifter_show, serial_shops, shop, shop_fountains,
          nicolae_shop_statue_plus
D:10:     layout_irregular_city, grunt_lair_entry_orc_guard_hut, uniq_psyche
D:11:     layout_small_grid, orc_0_dummy, gauntlet_entry_generic, uniq_grum,
          uniq_sonja
D:12:     layout_grid_maze
D:13:     nicolae_BIG_FREAKIN_CUBE, layout_gridville, serial_shops,
          nicolae_shop_statue_plus, uniq_erolcha
D:14:     layout_stronghold, david_vaults_2, minivault_26, lemuel_old_faithful,
          uniq_kirke
D:15:     grunt_enter_depths_giant_problem, layout_gridville, special_room
          [special_room_bee], uniq_roxanne
Lair:1:   cheibrodos_lair_river_kwai, layout_regular_city
Lair:2:   minmay_lair_oklob_tunnel, layout_cave_pods, infiniplex_staircase_pool,
          grunt_megastairs_1
Lair:3:   layout_chaotic_city, skrybe_swamp_entry_bodies,
          spider_nest_entry_webs, grunt_megastairs_4, uniq_urug
Lair:4:   layout_gridlike, slime_entry_1
Lair:5:   minmay_lair_end_frog_pond, layout_gridlike, basic_altar
Spider:1: layout_chambers, nicolae_spider_bzzzt
Spider:2: nicolae_spider_hilbert_zone_4 [nicolae_spider_hilbert_4_sides_2_open,
          nicolae_spider_hilbert_4_sides_1_open,
          nicolae_spider_hilbert_4_sides_1_open,
          nicolae_spider_hilbert_4_sides_1_open,
          nicolae_spider_hilbert_4_sides_1_open,
          nicolae_spider_hilbert_2_sides_1_open,
          nicolae_spider_hilbert_2_sides_1_open,
          nicolae_spider_hilbert_2_sides_1_open,
          nicolae_spider_hilbert_2_sides_1_open,
          nicolae_spider_hilbert_6_sides_1_open,
          nicolae_spider_hilbert_6_sides_1_open,
          nicolae_spider_hilbert_3_sides_1_open,
          nicolae_spider_hilbert_3_sides_1_open]
Spider:3: layout_chambers
Orc:1:    layout_caves, basic_altar, uniq_maurice
Orc:2:    grunt_orc_cross, layout_caves, uniq_jorgrun, uniq_donald, uniq_rupert

Skill      XL: |  1  2  3  4  5  6  7  8  9 10 11 12 13 14 15 16 |
---------------+-------------------------------------------------+-----
Fighting       | 4 5 6 7 8 10 11 12 13 15 16 17 18 | 18.8
Axes           | 4 5 6 7 9 11 12 14 15 17 | 17.8
Ranged Weapons | 1 2 3 4 5 6 7 8 9 10 11 13 15 | 15.1
Maces & Flails | 1 4 7 9 11 12 14 15 | 15.1
Evocations     | 2 3 4 5 6 7 8 |  8.1
Armour         | 3 6 8 |  8.6
Dodging        | |  2.1

Action                   |  1- 3 |  4- 6 |  7- 9 | 10-12 | 13-15 | 16-18 || total
-------------------------+-------+-------+-------+-------+-------+-------++-------
Melee: Hand axe          |    76 |    57 |    60 |       |       |       ||   193
       Headbutt          |    11 |     7 |    30 |    99 |   200 |    36 ||   383
       Punch             |     1 |       |     2 |     4 |       |       ||     7
       Morningstar       |       |       |    93 |       |       |       ||    93
       Dire flail        |       |       |    44 |   302 |   472 |       ||   818
       War axe           |       |       |     5 |    78 |       |       ||    83
       Battleaxe         |       |       |       |    70 |   497 |   192 ||   759
       Great mace        |       |       |       |       |    17 |       ||    17
 Fire: Sling             |    31 |    20 |     8 |       |       |       ||    59
       Arbalest          |       |       |    16 |    53 |   341 |    56 ||   466
Throw: Dart              |       |       |    18 |       |     4 |       ||    22
       Throwing net      |       |       |     2 |       |       |       ||     2
       Boomerang         |       |       |     2 |     7 |    31 |     4 ||    44
Invok: Berserk           |     2 |     5 |     9 |     4 |    25 |     1 ||    46
       Trog's Hand       |       |     1 |     7 |    13 |    38 |     6 ||    65
Evoke: Wand              |       |       |    22 |     4 |    18 |     7 ||    51
       Phantom mirror    |       |       |       |     1 |     2 |       ||     3
       Box of beasts     |       |       |       |       |     1 |       ||     1
  Use: Scroll            |     4 |       |    16 |    10 |    15 |     2 ||    47
       Potion            |       |       |       |     1 |     5 |     2 ||     8
 Stab: Paralysed         |       |       |       |       |       |     2 ||     2
Armor: Animal skin       |    24 |       |       |       |       |       ||    24
       Scale mail        |     7 |     5 |       |       |       |       ||    12
       Chain mail        |       |    29 |   107 |       |       |       ||   136
       Ring mail         |       |       |    15 |    23 |       |       ||    38
       Plate armour      |       |       |       |   154 |   711 |   213 ||  1078
Dodge: Dodged            |    51 |    21 |    93 |   209 |   656 |   120 ||  1150
Block: Kite shield       |       |       |    19 |       |       |       ||    19

Table legend: (Time is in decaauts)
 A = Elapsed time spent in this place.
 B = Non-inter-level travel time spent in this place.
 C = Inter-level travel time spent in this place.
 D = Time resting spent in this place.
 E = Time spent auto-exploring this place.
 F = Levels seen in this place.
 G = Mean time per level.
                   A        B        C        D        E       F      G
               +--------+--------+--------+--------+--------+-----+--------+
         Total |  42135 |  40845 |   1290 |  16283 |  18414 |  27 | 1560.6 |
       Dungeon |  18010 |  17339 |    671 |   3384 |  10683 |  15 | 1200.7 |
          Lair |  13572 |  13215 |    357 |   7150 |   4692 |   5 | 2714.4 |
   Spider Nest |   6579 |   6515 |     64 |   3733 |   2052 |   3 | 2193.0 |
  Orcish Mines |   3520 |   3323 |    197 |   1870 |    895 |   2 | 1760.0 |
         Sewer |    242 |    242 |      0 |    104 |     91 |   1 |  242.0 |
      Gauntlet |    210 |    210 |      0 |     41 |      0 |   1 |  210.0 |
               +--------+--------+--------+--------+--------+-----+--------+

Top non-repeatable levels by time:
  Lair:5: 5286 daAuts
Spider:1: 3665 daAuts
Spider:2: 2741 daAuts
  Lair:4: 2736 daAuts
  Lair:3: 1969 daAuts
  Lair:1: 1929 daAuts
   Orc:1: 1899 daAuts
  Lair:2: 1651 daAuts
   Orc:2: 1620 daAuts
     D:8: 1604 daAuts
    D:14: 1595 daAuts
    D:11: 1541 daAuts
     D:6: 1538 daAuts
    D:15: 1346 daAuts
     D:4: 1342 daAuts
